 Dungeon Crawl Stone Soup version 0.29-a0-322-g68df515428 (webtiles) character file.

Game seed: 7808271193899123047

216 bande the Covered (level 5, -4/33 HPs)
             Began as a Gargoyle Fighter on Apr 5, 2022.
             Slain by an ogre
             ... wielding a +0 giant club
              (17 damage)
             ... on level 4 of the Dungeon.
             The game lasted 00:06:39 (3406 turns).

bande the Covered (Gargoyle Fighter)                Turns: 3406, Time: 00:06:40

Health: -4/33      AC: 17    Str: 20    XL:     5   Next: 93%
Magic:  5/5        EV:  7    Int:  8    God:
Gold:   236        SH:  4    Dex: 11    Spells: 4/4 levels left

rFire   . . .      SeeInvis .   a - +0 war axe
rCold   . . .      Faith    .   c - +0 buckler
rNeg    + . .      Spirit   .   p - +0 chain mail
rPois   ∞          Reflect  .   f - +0 helmet
rElec   +          Harm     .   n - +1 cloak
rCorr   .          Rampage  .   (no gloves)
Will    .....                   (no boots)
Stlth   ..........              (no amulet)
HPRegen 0.11/turn               (no ring)
MPRegen 0.09/turn               (no ring)

@: no status effects
A: sickness immunity, AC +4, negative energy resistance 1, electricity
resistance, torment resistance 1, petrification resistance
a: no special abilities


You were on level 4 of the Dungeon.
You visited 1 branch of the dungeon, and saw 4 of its levels.

You collected 236 gold pieces.

Inventory:

Hand Weapons
 a - a +0 war axe (weapon)
 r - a +0 flail
Armour
 c - a +0 buckler (worn)
 f - a +0 helmet (worn)
 n - a +1 cloak (worn)
 p - a +0 chain mail (worn)
Jewellery
 i - a ring of ice
Wands
 l - a wand of mindburst (18)
 o - a wand of iceblast (14)
Scrolls
 e - 2 scrolls of teleportation
 m - a scroll of fog
 q - a scroll of amnesia
Potions
 b - a potion of haste
 d - a potion of might
 g - 2 potions of curing
 h - a potion of magic
 j - a potion of resistance
 k - 2 potions of cancellation


   Skills:
 + Level 4.0 Fighting
 + Level 3.8 Axes
 + Level 4.5 Armour
 + Level 4.0 Shields


You had 4 spell levels left.
You didn't know any spells.
Your spell library contained the following spells:

 Spells                   Type           Power      Damage    Failure   Level
 Dazzling Flash           Conj/Hex       0%         N/A       100%        3
 Iskenderun's Mystic Bla  Conj/Tloc      0%         2d3       100%        4
 Starburst                Conj/Fire      0%         6d3       100%        6


Dungeon Overview and Level Annotations

Branches:
Dungeon (4/15)
 Temple: D:4-7

Altars:


Innate Abilities, Weirdness & Mutations

You are immune to sickness and miasma.
Your stone body is resilient. (AC +4)
You are immune to poison.
You resist negative energy. (rN+)
You are resistant to electric shocks. (rElec)
You are resistant to unholy torment.
You are immune to petrification.


Message History

The adder is almost dead.
You block the adder's attack.
You closely miss the adder.
The adder is almost dead.
The adder closely misses you. The adder bites you.
You slash the adder!
You kill the adder!
You hit the ogre.
The ogre is lightly wounded.
The ogre barely misses you.
You barely miss the ogre.
The ogre is lightly wounded.
The ogre barely misses you.
You hit the ogre but do no damage.
The ogre is lightly wounded.
The ogre barely misses you.
You hit the ogre.
The ogre is lightly wounded.
You block the ogre's attack.
You barely miss the ogre.
The ogre is lightly wounded.
The ogre hits you with a +0 giant club.
You completely miss the ogre.
The ogre is lightly wounded.
The ogre hits you with a +0 giant club!!
Ouch! That really hurt!
You are too injured to fight recklessly!
You are too injured to fight recklessly!
You are too injured to fight recklessly!
You are too injured to fight recklessly!
You are too injured to fight recklessly!
You are too injured to fight recklessly!
You are too injured to fight recklessly!
You barely miss the ogre.
The ogre is lightly wounded.
You hit the ogre but do no damage.
The ogre is lightly wounded.
The ogre hits you with a +0 giant club!
Ouch! That really hurt!
You die...

#.....<.......##......
#####...##.....#.###.#
..............#.###.#
####.....####........#
#:.##...##..#....#####
#...##.##...#....#
#..w#.#.†.##....# .
#gO#.#'.##.....#
...###@..###......#
........8........#######
....###...###....#......
.. +#.#).##.....#####
#.#...##.#..#
##.##...#.#..#
##...##..#.#..#
####.....####.##.#
..............##.#


You could see an ogre, a dart slug and a goblin.

Vanquished Creatures
  A black bear (D:4)
  Crazy Yiuf (D:2)
  4 adders
  2 dart slugs
  An orc (D:4)
  2 ball pythons
  4 bats
  2 endoplasms
  4 giant cockroaches
  7 goblins
  4 hobgoblins
  2 jackals (D:1)
  5 kobolds
  3 quokkas
  5 rats
47 creatures vanquished.

Vanquished Creatures (others)
  A kobold (D:3)
1 creature vanquished.

Grand Total: 48 creatures vanquished

Notes
Turn   | Place    | Note
-------+----------+-------------------------------------------
     0 | D:1      | bande the Gargoyle Fighter began the quest for the Orb.
     0 | D:1      | Reached XP level 1. HP: 14/14 MP: 1/1
   272 | D:1      | Reached XP level 2. HP: 15/19 MP: 2/2
  1166 | D:2      | Reached XP level 3. HP: 23/23 MP: 3/3
  1350 | D:2      | Found a runed translucent door.
  1351 | D:2      | Noticed Crazy Yiuf
  1745 | D:2      | Found a faded altar of an unknown god.
  1965 | D:2      | Killed Crazy Yiuf
  1966 | D:2      | Reached XP level 4. HP: 29/29 MP: 4/4
  3302 | D:4      | Noticed a black bear
  3311 | D:4      | Killed a black bear
  3312 | D:4      | Reached XP level 5. HP: 26/33 MP: 5/5
  3391 | D:4      | Noticed an ogre
  3406 | D:4      | Slain by an ogre

Illustrated notes

Levels and vault maps discovered:
D:1:      lemuel_arrival_hallway, layout_basic, hangedman_abyss_or_decor_stabs,
          lemuel_flame_loot_1
D:2:      layout_loops_cross, ebering_ecumenical_altar_hall,
          minmay_misc_feat_alley, uniq_crazy_yiuf_cottage
D:3:      minmay_octagon_keep, layout_loops_cross
D:4:      cheibrodos_barr_body, layout_basic, minmay_temple_entry_junction,
          gammafunk_ghost_nasty_kobolds, patterned_corridor, uniq_ijyb,
          uniq_pikel

Skill      XL: |  1  2  3  4  5 |
---------------+----------------+-----
Axes           | 2 3 |  3.8
Armour         | 4 |  4.5
Shields        | 4 |  4.0
Fighting       | 4 |  4.0

Action                   |  1- 3 |  4- 6 || total
-------------------------+-------+-------++-------
Melee: War axe           |    81 |    63 ||   144
  Use: Scroll            |     6 |     6 ||    12
Armor: Scale mail        |    46 |     9 ||    55
       Chain mail        |       |    40 ||    40
Dodge: Dodged            |    39 |    27 ||    66
Block: Buckler           |    21 |    12 ||    33

Table legend: (Time is in decaauts)
 A = Elapsed time spent in this place.
 B = Non-inter-level travel time spent in this place.
 C = Inter-level travel time spent in this place.
 D = Time resting spent in this place.
 E = Time spent auto-exploring this place.
 F = Levels seen in this place.
 G = Mean time per level.
                   A        B        C        D        E       F      G
               +--------+--------+--------+--------+--------+-----+--------+
         Total |   3473 |   3141 |    332 |      0 |   2445 |   4 |  868.2 |
       Dungeon |   3473 |   3141 |    332 |      0 |   2445 |   4 |  868.2 |
               +--------+--------+--------+--------+--------+-----+--------+

Top non-repeatable levels by time:
     D:1: 1217 daAuts
     D:2: 1155 daAuts
     D:3: 577 daAuts
     D:4: 523 daAuts
